 Dungeon Crawl Stone Soup version 0.23.2-33-g5129a83184 (webtiles) character file.

Game seed: 12266209206623019757

88 Atelerd the Magician (level 4, 0/27 HPs)
             Began as an Octopode Wizard on July 16, 2019.
             Slain by an orc wizard
             ... wielding a +0 dagger
              (6 damage)
             ... on level 3 of the Dungeon.
             The game lasted 00:04:38 (2661 turns).

Atelerd the Magician (Octopode Wizard)              Turns: 2661, Time: 00:04:39

Health: 0/27       AC:  1    Str:  3 (6)  XL:     4   Next: 53%
Magic:  1/9        EV: 20    Int: 18 (21) God:
Gold:   69         SH:  0    Dex: 13 (15) Spells: 4/10 levels left

rFire    + + .     SeeInvis .   u - +0 trident (venom)
rCold    . . .     Gourm    .   (no shield)
rNeg     . . .     Faith    .   a - +0 hat
rPois    .         Spirit   .   (no amulet)
rElec    .         Reflect  .   q - ring of protection from fire
rCorr    .         Harm     .   o - ring of protection from fire
MR       .....                  (no ring)
Stlth    ++++......             (no ring)
HPRegen  0.09/turn              (no ring)
MPRegen  0.11/turn              (no ring)
                                (no ring)
                                (no ring)

@: agile, very slightly contaminated, hasted, very quick
A: almost no armour, stealthy swim, amphibious, 8 rings, constrict 8, repulsion
field 1, camouflage 1, gelatinous body 1, MP-powered wands
a: no special abilities


You were on level 3 of the Dungeon.
You were hungry.

You visited 1 branch of the dungeon, and saw 3 of its levels.

You collected 69 gold pieces.

Inventory:

Hand Weapons
 l - a +2 vampiric whip
 s - a +0 falchion
 u - a +0 trident of venom (weapon)
Missiles
 g - a throwing net (quivered)
Armour
 a - a +0 hat (worn)
 p - a +2 pair of boots
Jewellery
 j - an uncursed amulet of guardian spirit
 o - a ring of protection from fire (right tentacle)
 q - a ring of protection from fire (left tentacle)
Scrolls
 b - a scroll of teleportation {unknown}
 d - 2 scrolls of remove curse {unknown}
 f - 3 scrolls of identify {unknown}
 h - 2 scrolls of immolation {unknown}
 i - a scroll of enchant weapon {unknown}
 n - a scroll of enchant armour {unknown}
 t - a scroll of magic mapping {unknown}
 v - a scroll of blinking {unknown}
Potions
 e - a potion of degeneration
Comestibles
 c - 8 rations


   Skills:
 - Level 2.0 Dodging
 - Level 2.6 Stealth
 + Level 3.6 Spellcasting
 * Level 3.5 Conjurations
   Level 1.0 Summonings
 - Level 1.0 Translocations


You had 4 spell levels left.
You knew the following spells:

 Your Spells              Type           Power        Failure   Level  Hunger
a - Magic Dart            Conj           ###.         3%          1    None
b - Mephitic Cloud        Conj/Pois/Air  #.......     28%         3    ###....
c - Blink                 Tloc           N/A          16%         2    ##.....

Your spell library contained the following spells:

 Spells                   Type           Power        Failure   Level  Hunger
 Call Imp                 Summ           #.......     16%         2    ##.....
 Slow                     Hex            #.......     22%         2    ##.....
 Conjure Flame            Conj/Fire      #.......     22%         3    ###....


Dungeon Overview and Level Annotations

Branches:
Dungeon (3/15)

Altars:

Annotations:
D:2 Natasha, Terence


Innate Abilities, Weirdness & Mutations

You cannot wear most types of armour.
You are very stealthy in the water. (Stealth+)
You are amphibious.
You can wear up to eight rings at the same time.
You can use your tentacles to constrict eight enemies at once.
Your skin changes colour to match your surroundings (Stealth+).
Your rubbery body absorbs attacks. (AC +1, EV +1)
You are surrounded by a mild repulsion field. (EV +2)
You expend magic power (3 MP) to strengthen your wands.


Message History

Unknown command.
It was a potion of degeneration.
There was something very wrong with that liquid.
You feel weakened.
You feel dopey.
You feel clumsy.
You hear some strange, mumbled words.
Something tries to affect you, but you resist.
It was a potion of mutation.
You feel extremely strange.
You begin to radiate repulsive energy.
You feel your magical essence link to your wands.
It was a potion of haste.
You feel yourself speed up. Something hits you.
* * * LOW HITPOINT WARNING * * *
It was a potion of agility.
You feel agile all of a sudden. The orc completely misses you.
Something hits you but does no damage.
You bump into the rock wall.
The orc misses you.
You completely miss something.
You feel less confused. Something hits you.
You die...

#########.#####..###
#..........#
#.####.....# #.#
#..⌠..# #.# #.....#
#.# #.....#
.##.####...#.#
.............#
.##.####..@### ##{##
#o# #.########
#...o.o..#
#######)....# ..##.#
..o. ..##.


You could see an orc.

Vanquished Creatures
  An adder (D:2)
  An ooze (D:1)
  A worm (D:2)
  2 dart slugs (D:2)
  A leopard gecko (D:2)
  7 orcs (D:3)
  4 ball pythons
  3 giant cockroaches
  3 goblins (D:1)
  7 hobgoblins
  6 jackals
  A quokka (D:2)
  6 bats
  9 frilled lizards
  3 kobolds (D:1)
  4 rats
59 creatures vanquished.

Notes
Turn   | Place    | Note
-------+----------+-------------------------------------------
     0 | D:1      | Atelerd the Octopode Wizard began the quest for the Orb.
     0 | D:1      | Reached XP level 1. HP: 11/11 MP: 4/4
   177 | D:1      | Reached XP level 2. HP: 8/17 MP: 0/6
   885 | D:1      | Reached XP level 3. HP: 21/21 MP: 5/7
   890 | D:1      | Learned a level 3 spell: Mephitic Cloud
   893 | D:1      | Learned a level 2 spell: Blink
  1979 | D:2      | Reached XP level 4. HP: 18/27 MP: 6/9
  2375 | D:2      | Noticed Terence
  2385 | D:2      | Noticed Natasha
  2656 | D:3      | Gained mutation: You are surrounded by a mild repulsion
                  | field. (EV +2) [potion of mutation]
  2656 | D:3      | Gained mutation: You expend magic power (3 MP) to
                  | strengthen your wands. [potion of mutation]
  2661 | D:3      | Slain by an orc wizard

Skill      XL: |  1  2  3 |
---------------+----------+-----
Conjurations   | 2 3 |  3.5
Dodging        | |  2.0
Stealth        | |  2.6
Spellcasting   | |  3.6
Summonings     | |  1.0
Translocations | |  1.0

Action                   |  1- 3 |  4- 6 || total
-------------------------+-------+-------++-------
Melee: Unarmed           |    46 |       ||    46
       Constrict         |    13 |    10 ||    23
       Tentacles         |     9 |     2 ||    11
       Falchion          |     8 |    21 ||    29
       Trident           |       |    11 ||    11
 Cast: Magic Dart        |    71 |    19 ||    90
       Mephitic Cloud    |       |     2 ||     2
  Use: Potion            |       |     4 ||     4
 Stab: Sleeping          |     2 |     2 ||     4
       Confused          |       |     2 ||     2
  Eat: Chunk             |     3 |     2 ||     5
Armor: Skin              |     8 |     2 ||    10
Dodge: Dodged            |    72 |    26 ||    98
       Rpst.: Falchion   |     1 |     5 ||     6
